 Dungeon Crawl Stone Soup version 0.22-a0-228-g3692b995fa (webtiles) character file.

357 Asanbosam the Grave Robber (level 6, -13/48 HPs)
             Began as a Gnoll Necromancer on Feb 20, 2018.
             Mangled by an ice beast (14 damage)
             ... on level 5 of the Dungeon.
             The game lasted 00:08:26 (2274 turns).

Asanbosam the Grave Robber (Gnoll Necromancer)      Turns: 2274, Time: 00:08:27

Health: -13/48     AC:  3    Str: 10    XL:     6   Next: 64%
Magic:  2/14       EV: 14    Int: 25    God:
Gold:   116        SH:  6    Dex: 15    Spells: 8/15 levels left

rFire    . . .     SeeInvis .   i - +1 short sword
rCold    . . .     Gourm    .   p - +0 buckler
rNeg     . . .     Faith    .   a - +0 robe
rPois    .         Spirit   .   g - +0 helmet
rElec    .         Reflect  +   (no cloak)
rCorr    .         Harm     .   (no gloves)
MR       .....                  (no boots)
Stlth    +++.......             l - +2 amulet of reflection
HPRegen  0.16/turn              (no ring)
MPRegen  0.14/turn              (no ring)

@: brilliant
A: distributed training, claws 1, fangs 1, robust 1, evolution 1, strong nose
a: no special abilities


You were on level 5 of the Dungeon.
You were not hungry.

You visited 1 branch of the dungeon, and saw 5 of its levels.

You collected 116 gold pieces.

Inventory:

Hand Weapons
 i - a +1 short sword (weapon)
Armour
 a - a +0 robe (worn)
 d - a +0 plate armour
 g - a +0 helmet (worn)
 p - a +0 buckler (worn)
Magical Staves
 n - an uncursed staff of fire
Jewellery
 l - a +2 amulet of reflection (around neck)
Scrolls
 c - a scroll of enchant armour
 f - 3 scrolls of identify
Comestibles
 b - 3 rations


   Skills:
 + Level 2.0 Fighting
 + Level 2.0 Short Blades
 + Level 2.0 Long Blades
 + Level 2.0 Axes
 + Level 2.0 Maces & Flails
 + Level 2.0 Polearms
 + Level 2.0 Staves
 + Level 2.0 Slings
 + Level 2.0 Bows
 + Level 2.0 Crossbows
 + Level 2.0 Throwing
 + Level 2.0 Armour
 + Level 5.0 Dodging
 + Level 4.6 Stealth
 + Level 2.0 Shields
 + Level 2.0 Unarmed Combat
 + Level 5.4 Spellcasting
 + Level 1.6 Conjurations
 + Level 1.6 Hexes
 + Level 1.6 Charms
 + Level 1.6 Summonings
 + Level 7.3 Necromancy
 + Level 1.6 Translocations
 + Level 1.6 Transmutations
 + Level 1.6 Fire Magic
 + Level 1.6 Ice Magic
 + Level 1.6 Air Magic
 + Level 1.6 Earth Magic
 + Level 1.6 Poison Magic
 + Level 2.2 Invocations
 + Level 2.0 Evocations


You had 8 spell levels left.
You knew the following spells:

 Your Spells              Type           Power        Failure   Level  Hunger
a - Pain                  Necr           ####         1%          1    None
r - Regeneration          Chrm/Necr      #####.....   1%          3    #......
v - Vampiric Draining     Necr           ######....   1%          3    #......


Dungeon Overview and Level Annotations

Branches:
Dungeon (5/15)
 Temple: D:4-7

Altars:
Ashenzari
Elyvilon
Makhleb
Vehumet

Annotations:
D:4 motoroller71's ghost, amateur DsFi
D:5 Asanbosam's ghost, novice GnNe


Innate Abilities, Weirdness & Mutations

Your experience applies equally to all skills.
You have very sharp teeth.
Your uncanny sense of smell can sniff out nearby items.
You have sharp fingernails.
You are robust. (+10% HP)
You evolve.


Message History

You feel clever all of a sudden. The gnoll completely misses you.
You block the gnoll's attack. The ice beast hits you.
The ice beast freezes you!
Casting: Pain (safe; 1% risk of failure)
Confirm with . or Enter, or press ? or * to list all spells.
Okay, then.
Okay, then.
You aren't carrying any potions.
Unknown command.
You hit the gnoll but do no damage. You block the gnoll's attack.
The gnoll misses you. The ice beast hits you.
* * * LOW HITPOINT WARNING * * *
The ice beast freezes you!
* * * LOW HITPOINT WARNING * * *
You hit the gnoll.
The gnoll is lightly wounded.
The gnoll barely misses you. x2; The ice beast hits you.
* * * LOW HITPOINT WARNING * * *
The ice beast freezes you!
You die...

##..####...#
#...#o[#...#
∆
#...'..#..##
###...####..#
............#
#.##....Y...#
#g#####.h####
#g# ##)#
##@## #.#
#.Yg#####.#
#......)..#
#...#######
#####


You could see an ice beast and 3 gnolls.

Vanquished Creatures
  2 ogres
  A howler monkey (D:5)
  A hound (D:5)
  2 adders (D:2)
  An ooze (D:2)
  A worm (D:2)
  4 dart slugs
  2 leopard geckos
  5 orcs
  6 giant cockroaches
  13 goblins
  6 hobgoblins
  11 jackals
  2 ball pythons
  6 bats
  3 frilled lizards
  6 kobolds
  7 rats
79 creatures vanquished.

Vanquished Creatures (others)
  A goblin (D:2)
  A jackal (D:2)
  A quokka (D:2)
3 creatures vanquished.

Grand Total: 82 creatures vanquished

Notes
Turn   | Place    | Note
-------+----------+-------------------------------------------
     0 | D:1      | Asanbosam the Gnoll Necromancer began the quest for the Orb.
     0 | D:1      | Reached XP level 1. HP: 13/13 MP: 6/6
    80 | D:1      | Reached XP level 2. HP: 14/19 MP: 4/7
   463 | D:1      | Reached XP level 3. HP: 25/25 MP: 9/9
   561 | D:2      | Reached skill level 5 in Spellcasting
   566 | D:2      | Learned a level 3 spell: Vampiric Draining
   570 | D:2      | Learned a level 3 spell: Regeneration
   648 | D:2      | Reached skill level 1 in Invocations
   825 | D:2      | Reached skill level 1 in Fighting
   825 | D:2      | Reached skill level 1 in Short Blades
   825 | D:2      | Reached skill level 1 in Long Blades
   825 | D:2      | Reached skill level 1 in Axes
   825 | D:2      | Reached skill level 1 in Maces & Flails
   825 | D:2      | Reached skill level 1 in Polearms
   825 | D:2      | Reached skill level 1 in Staves
   825 | D:2      | Reached skill level 1 in Slings
   825 | D:2      | Reached skill level 1 in Bows
   825 | D:2      | Reached skill level 1 in Crossbows
   825 | D:2      | Reached skill level 1 in Throwing
   825 | D:2      | Reached skill level 1 in Armour
   825 | D:2      | Reached skill level 1 in Shields
   825 | D:2      | Reached skill level 1 in Unarmed Combat
   825 | D:2      | Reached skill level 1 in Evocations
   945 | D:2      | Found a burning altar of Makhleb.
   946 | D:2      | Found a white marble altar of Elyvilon.
  1031 | D:2      | Reached XP level 4. HP: 29/32 MP: 11/11
  1527 | D:3      | Found a radiant altar of Vehumet.
  1555 | D:3      | Reached skill level 1 in Conjurations
  1555 | D:3      | Reached skill level 1 in Hexes
  1555 | D:3      | Reached skill level 1 in Charms
  1555 | D:3      | Reached skill level 1 in Summonings
  1555 | D:3      | Reached skill level 1 in Translocations
  1555 | D:3      | Reached skill level 1 in Transmutations
  1555 | D:3      | Reached skill level 1 in Fire Magic
  1555 | D:3      | Reached skill level 1 in Ice Magic
  1555 | D:3      | Reached skill level 1 in Air Magic
  1555 | D:3      | Reached skill level 1 in Earth Magic
  1555 | D:3      | Reached skill level 1 in Poison Magic
  1914 | D:3      | Found a faded altar of an unknown god.
  1978 | D:3      | Reached XP level 5. HP: 33/37 MP: 10/12
  2131 | D:4      | Noticed motoroller71's ghost (amateur DsFi)
  2135 | D:4      | Noticed an ogre
  2144 | D:4      | Killed an ogre
  2160 | D:5      | Entered Level 5 of the Dungeon
  2160 | D:5      | Noticed an ogre
  2171 | D:5      | Noticed Asanbosam's ghost (novice GnNe)
  2202 | D:5      | Found a shattered altar of Ashenzari.
  2211 | D:5      | Noticed an ice beast
  2216 | D:5      | Noticed an ogre
  2241 | D:5      | Reached XP level 6. HP: 26/44 MP: 9/13
  2244 | D:5      | Reached skill level 5 in Dodging
  2271 | D:5      | Gained mutation: You have sharp fingernails. [potion of mutation]
  2271 | D:5      | Gained mutation: You evolve. [potion of mutation]
  2271 | D:5      | Gained mutation: You are robust. (+10% HP) [potion of mutation]
  2274 | D:5      | HP: 1/48 [ice beast (4)]
  2274 | D:5      | Mangled by an ice beast

Vault maps used:
D:1:      co_arrival_hall_of_pillars
D:2:      elyvilon_altar_4, lemuel_crystal_altar, first_ration
D:3:      overflow_temple_1_default, chequers_ecumenical_altar_island
D:4:      nicolae_overflow_hidden_temple, temple_fountains
D:5:      lemuel_round_altar, gup_sewer_entry_bubbles, corexii_shack

Skill      XL: |  1  2  3  4  5  6 |
---------------+-------------------+-----
Spellcasting   | 5 |  5.4
Invocations    | 1 2 |  2.2
Fighting       | 1 2 |  2.0
Short Blades   | 1 2 |  2.0
Long Blades    | 1 2 |  2.0
Axes           | 1 2 |  2.0
Maces & Flails | 1 2 |  2.0
Polearms       | 1 2 |  2.0
Staves         | 1 2 |  2.0
Slings         | 1 2 |  2.0
Bows           | 1 2 |  2.0
Crossbows      | 1 2 |  2.0
Throwing       | 1 2 |  2.0
Armour         | 1 2 |  2.0
Shields        | 1 2 |  2.0
Unarmed Combat | 1 2 |  2.0
Evocations     | 1 2 |  2.0
Conjurations   | 1 |  1.6
Hexes          | 1 |  1.6
Charms         | 1 |  1.6
Summonings     | 1 |  1.6
Translocations | 1 |  1.6
Transmutations | 1 |  1.6
Fire Magic     | 1 |  1.6
Ice Magic      | 1 |  1.6
Air Magic      | 1 |  1.6
Earth Magic    | 1 |  1.6
Poison Magic   | 1 |  1.6
Dodging        | 5 |  5.0
Stealth        | |  4.6
Necromancy     | |  7.3

Action                   |  1- 3 |  4- 6 || total
-------------------------+-------+-------++-------
Melee: Dagger            |    10 |       ||    10
       Short sword       |    19 |    59 ||    78
       Bite              |     3 |     5 ||     8
       Staff             |       |    15 ||    15
 Cast: Pain              |    39 |    54 ||    93
       Regeneration      |       |     3 ||     3
       Vampiric Draining |       |     2 ||     2
  Use: Scroll            |       |     6 ||     6
       Potion            |       |     5 ||     5
 Stab: Sleeping          |    14 |     5 ||    19
  Eat: Ration            |       |     1 ||     1
       Chunk             |       |     1 ||     1
Armor: Robe              |     3 |    15 ||    18
Dodge: Dodged            |    19 |    77 ||    96
Block: Other             |     1 |     2 ||     3
       Buckler           |       |    20 ||    20
       Reflection        |       |     1 ||     1

Table legend:
 A = Spawn XP
 B = Non-spawn XP
 C = Spawn XP percentage of total XP
 D = Spawn monster count
 E = Non-spawn monster count
 F = Spawn count percentage of total count
 G = Total turns spent on level
                    A         B        C        D         E        F      G
               +---------+---------+-------+---------+---------+-------+---------
         Total |       0 |     511 |   0.0 |       0 |      79 |   0.0 |  2274
               +---------+---------+-------+---------+---------+-------+---------
           D:1 |       0 |      36 |   0.0 |       0 |      20 |   0.0 |   559
           D:2 |       0 |      87 |   0.0 |       0 |      28 |   0.0 |   902
           D:3 |       0 |      51 |   0.0 |       0 |      26 |   0.0 |   662
           D:4 |       0 |     127 |   0.0 |       0 |       1 |   0.0 |    37
           D:5 |       0 |     210 |   0.0 |       0 |       4 |   0.0 |   114
               +---------+---------+-------+---------+---------+-------+---------
